 Dungeon Crawl Stone Soup version bcrawl-1.35.4c (webtiles) character file.

Game seed: 12455260062795036636

249348 feta the Destroyer (level 9, -4/45 HPs)
             Began as a Skeleton Conjurer on Feb 28, 2022.
             Was a Believer of Vehumet.
             Slain by an ogre
             ... wielding a +0 giant club
              (17 damage)
             ... on level 7 of the Dungeon.
             The game lasted 00:18:42 (7566 turns).

feta the Destroyer (Skeleton Conjurer)              Turns: 7566, Time: 00:18:42

Health: -4/45      AC:  5    Str: 15 (16) XL:     9   Next: 45%
Magic:  0/23       EV: 12    Int: 15 (16) God:    Vehumet [**....]
Gold:   443        SH:  0    Dex: 14      Spells: 24/28 levels left

rFire    . . .     SeeInvis +   h - +0 hand axe
rCold    + . .     Gourm    .   (no shield)
rNeg     + + +     Faith    .   s - +1 robe of Valour {Dex+5 SInv Stlth+}
rPois    ∞         Spirit   +   o - +0 helmet
rElec    .         Reflect  .   (no cloak)
rCorr    .                      (no gloves)
MR       +....                  d - +0 pair of boots
Stlth    +++.......             g - amulet of rage
HPRegen  0.15/turn              (no ring)
MPRegen  0.18/turn              (no ring)

@: no status effects
A: no food or potions, cold resistance 1, deterioration 1, negative energy
resistance 3, powered by death 1, torment resistance, unbreathing, magic shield,
sturdy frame 1, spell healing
a: Renounce Religion


You were on level 7 of the Dungeon.
You worshipped Vehumet.
Vehumet was pleased with you.
You were not hungry.

You visited 1 branch of the dungeon, and saw 7 of its levels.

You collected 443 gold pieces.

Inventory:

Hand Weapons
 h - a +0 hand axe (weapon)
 j - a +4 flail of protection
 k - a +0 blowgun
Missiles
 l - 106 bolts
 n - 25 poisoned needles
 q - 149 poisoned tomahawks
 r - 555 sling bullets
Armour
 d - a +0 pair of boots (worn)
 o - a +0 helmet (worn)
 s - the +1 robe of Valour (worn) {Dex+5 SInv Stlth+}
   (You found it on level 5 of the Dungeon)

   It affects your dexterity (+5).
   It lets you see invisible.
   It makes you more stealthy.
Jewellery
 g - an amulet of rage (around neck)
Wands
 i - a wand of flame (10)
 p - a wand of iceblast (15)
Scrolls
 a - a scroll of amnesia
 b - a scroll of blinking
 c - 8 scrolls of remove curse
 e - 2 scrolls of magic mapping
 f - 2 scrolls of teleportation
 m - a scroll of fog
 t - a scroll of enchant weapon {unknown}
 u - a scroll of fear {unknown}
 v - a scroll of enchant armour


   Skills:
 - Level 2.0 Dodging
 - Level 2.4 Stealth
 + Level 10.2 Spellcasting
 * Level 13.1 Conjurations


You had 24 spell levels left.
You knew the following spells:

 Your Spells              Type           Power        Failure   Level  Hunger
a - Flame Tongue          Conj/Fire      ####.        1%          1    N/A
r - Searing Ray           Conj           #####...     1%          2    N/A
z - Magic Dart            Conj           ####         1%          1    N/A

Your spell library contained the following spells:

 Spells                   Type           Power        Failure   Level  Hunger
 Inner Flame              Hex/Fire       N/A          8%          3    N/A
 Shock                    Conj/Air       ####.        1%          1    N/A
 Iskenderun's Mystic Bla  Conj           #####...     1%          3    N/A
 Fulminant Prism          Conj/Hex       ####......   1%          4    N/A
 Irradiate                Conj/Tmut      ####......   5%          5    N/A
 Lightning Bolt           Conj/Air       ####......   5%          5    N/A
 Passwall                 Tmut/Erth      #.......     14%         2    N/A
 Sticks to Snakes         Tmut           #.......     14%         2    N/A
 Swiftness                Chrm/Air       #.......     14%         2    N/A
 Airstrike                Air            #.........   24%         4    N/A
 Static Discharge         Air            #.......     28%         3    N/A
 Beastly Appendage        Tmut           Unusable     N/A         1    N/A
 Spider Form              Tmut/Pois      Unusable     N/A         3    N/A
 Ice Form                 Ice/Tmut       Unusable     N/A         4    N/A
 Blade Hands              Tmut           Unusable     N/A         5    N/A

Dungeon Overview and Level Annotations

Branches:
Dungeon (7/12)             Temple (0/1) D:4
   Lair: D:7-9

Altars:
Cheibriados
Dithmenos
Elyvilon
Gozag
Hepliaklqana
Lugonu
Nemelex Xobeh
Okawaru
Ru
Vehumet
Xom


Innate Abilities, Weirdness & Mutations

You do not eat or drink.
You are immune to poison.
Your flesh is cold resistant. (rC+)
Your body sometimes deteriorates upon taking damage.
You are immune to negative energy. (rN+++)
You regenerate a little health from kills.
You are immune to unholy pain and torment.
You can survive without breathing.
When hurt, damage is shared between your health and your magic reserves.
Your movements are slightly less encumbered by armour. (ER -2)
Casting spells heals you.


Message History

Press: ? - help, Shift-Dir - straight line, f - centaur
Aim: a centaur, wielding a +0 shortbow and quivering 170 arrows The searing ray hits the centaur!
The centaur is moderately wounded. (Press . to maintain the ray.)
The centaur shoots an arrow.
The arrow hits you!
The centaur shoots an arrow.
The arrow hits you!
The centaur shoots an arrow.
The arrow hits you.
* * * LOW HITPOINT WARNING * * *
The searing ray misses the ogre.
The searing ray hits the centaur!
The centaur is almost dead.
The centaur unwields a +0 shortbow.
The centaur hits you but does no damage.
The centaur misses you.
Without enough magic to sustain it, your searing ray dissipates.
The centaur hits you.
* * * LOW HITPOINT WARNING * * *
The ogre hits you with a +0 giant club!
You die...

... #....
#.#############<#.
#..............##.
#.......!.........
###......#######.###
.........##...##.#
#..=..!.##...##.#
#Oc#............#
##'###.@#......#######
........#..........
.......(............
......#.#..##.....##
......#....##.....#
#######....##.....#
#....##.....# ..#..#
... ...#..#


You could see an ogre and a centaur.

Vanquished Creatures
  A centaur skeleton (D:6)
  Sigmund (D:6)
  A hungry ghost (D:6)
  Eustachio (D:5)
  Menkaure (D:4)
  Edmund (D:6)
  Duvessa (D:4)
  2 orc warriors (D:6)
  A sky beast (D:4)
  Purgy (D:3)
  2 bullfrogs
  A big kobold (D:6)
  A wight (D:4)
  4 howler monkeys
  3 orc priests
  6 crimson imps
  A quasit (D:7)
  A jelly (D:6)
  5 hounds
  A bullfrog skeleton (D:6)
  An iguana (D:6)
  4 orc wizards
  5 worker ants
  A killer bee zombie (D:5)
  2 hound skeletons
  Robin (D:4)
  5 adders
  A shadow imp (D:6)
  An adder zombie (D:6)
  An adder skeleton (D:6)
  5 worms
  A dart slug (D:3)
  4 leopard geckos
  13 orcs
  5 ball pythons
  2 giant cockroaches
  12 goblins
  11 hobgoblins
  12 kobolds
  5 quokkas
  2 bats (D:2)
  5 frilled lizards
  2 quokka skeletons (D:4)
  7 rats
  A butterfly (D:4)
145 creatures vanquished.

Notes
Turn   | Place    | Note
-------+----------+-------------------------------------------
     0 | D:1      | feta the Skeleton Conjurer began the quest for the Orb.
     0 | D:1      | Reached XP level 1. HP: 10/10 MP: 4/4
   103 | D:1      | Reached skill level 5 in Conjurations
   187 | D:1      | Reached XP level 2. HP: 15/15 MP: 4/6
  1305 | D:1      | Learned a level 2 spell: Searing Ray
  1399 | D:2      | Reached XP level 3. HP: 19/19 MP: 6/8
  1430 | D:2      | Found a radiant altar of Vehumet.
  1444 | D:2      | Became a worshipper of Vehumet
  1732 | D:2      | Reached skill level 6 in Conjurations
  1954 | D:2      | Found a corrupted altar of Lugonu.
  2390 | D:3      | Noticed Purgy
  2513 | D:3      | Reached XP level 4. HP: 24/24 MP: 5/10
  2597 | D:3      | Found a shadowy altar of Dithmenos.
  2608 | D:3      | Reached * piety under Vehumet
  2608 | D:3      | Offered knowledge of Flame Tongue by Vehumet.
  2635 | D:3      | Learned a level 1 spell: Flame Tongue
  2799 | D:3      | Reached XP level 5. HP: 28/28 MP: 5/11
  2829 | D:3      | Reached skill level 7 in Conjurations
  2948 | D:3      | Reached skill level 5 in Spellcasting
  3250 | D:3      | Found a hazy altar of Hepliaklqana.
  3341 | D:3      | Killed Purgy
  3342 | D:3      | Gained mutation: You regenerate a little health from kills.
                  | [Skeleton growth]
  3342 | D:3      | Reached XP level 6. HP: 32/32 MP: 4/14
  3471 | D:4      | Found a staircase to the Ecumenical Temple.
  3477 | D:4      | Reached skill level 8 in Conjurations
  3736 | D:4      | Noticed Menkaure
  3738 | D:4      | Noticed Duvessa
  3900 | D:4      | Found a snail-covered altar of Cheibriados.
  4034 | D:4      | Killed Menkaure
  4035 | D:4      | Reached XP level 7. HP: 36/36 MP: 6/16
  4138 | D:4      | Reached skill level 9 in Conjurations
  4175 | D:4      | Noticed Robin
  4193 | D:4      | Killed Duvessa
  4276 | D:4      | Killed Robin
  4278 | D:4      | Reached ** piety under Vehumet
  4278 | D:4      | Offered knowledge of Shock by Vehumet.
  4578 | D:5      | Entered Level 5 of the Dungeon
  4580 | D:5      | Found a sparkling altar of Nemelex Xobeh.
  4583 | D:5      | Noticed Eustachio
  4591 | D:5      | Killed Eustachio
  4592 | D:5      | Reached skill level 10 in Conjurations
  4741 | D:5      | Found an opulent altar of Gozag.
  4915 | D:5      | Reached XP level 8. HP: 41/41 MP: 13/19
  4945 | D:5      | Found an iron altar of Okawaru.
  5057 | D:5      | Found a sacrificial altar of Ru.
  5276 | D:5      | Got a silken robe
  5594 | D:5      | Found a shimmering altar of Xom.
  5825 | D:6      | Noticed Edmund
  5957 | D:6      | Identified the +1 robe of Valour {Dex+5 SInv Stlth+} (You
                  | found it on level 5 of the Dungeon)
  6030 | D:6      | Killed Edmund
  6031 | D:6      | Reached skill level 11 in Conjurations
  6385 | D:6      | Reached skill level 12 in Conjurations
  6385 | D:6      | Reached XP level 9. HP: 45/45 MP: 15/22
  6451 | D:6      | Noticed Sigmund
  6468 | D:6      | Offered knowledge of Inner Flame by Vehumet.
  6674 | D:6      | Killed Sigmund
  6686 | D:6      | Reached skill level 10 in Spellcasting
  7000 | D:6      | Reached skill level 13 in Conjurations
  7113 | D:6      | Found a white marble altar of Elyvilon.
  7566 | D:7      | Slain by an ogre

Skill      XL: |  1  2  3  4  5  6  7  8  9 |
---------------+----------------------------+-----
Conjurations   | 5 6 7 8 10 12 13 | 13.1
Spellcasting   | 4 5 6 7 9 10 | 10.2
Dodging        | |  2.0
Stealth        | |  2.4

Action                   |  1- 3 |  4- 6 |  7- 9 || total
-------------------------+-------+-------+-------++-------
Melee: Unarmed           |     7 |       |       ||     7
       Hand axe          |    12 |    55 |    59 ||   126
 Cast: Magic Dart        |    97 |    53 |   154 ||   304
       Searing Ray       |     7 |    13 |    27 ||    47
  Use: Scroll            |     4 |     3 |     3 ||    10
Armor: Ring mail         |    12 |    37 |    31 ||    80
       Robe              |       |       |    11 ||    11
Dodge: Dodged            |    28 |    32 |    89 ||   149
